 Dungeon Crawl Stone Soup version 0.17-a0-1411-g06ff558 (webtiles) character file.

6017 urechis the Basher (level 10, -27/65 HPs)
             Began as a Gargoyle Fighter on June 23, 2015.
             Was a Priest of Trog.
             Annihilated by a very large slime creature (41 damage)
             ... on level 10 of the Dungeon.
             The game lasted 00:20:39 (6905 turns).

urechis the Basher (Gargoyle Fighter)               Turns: 6905, Time: 00:20:39

Health: -27/65     AC: 19    Str: 20    XL:     10   Next: 86%
Magic:  20/20      EV:  7    Int:  9    God:    Trog [***...]
Gold:   570        SH:  7    Dex: 12    Spells: 0 memorised, 9 levels left

rFire  . . .     SeeInvis +     a - +0 flail
rCold  + . .     Clarity  +     l - +1 chain mail
rNeg   + + +     SustAt   .     g - +2 buckler
rPois  ∞         Gourm    .     w - +0 helmet
rElec  +         Spirit   .     (no cloak)
rCorr  .         Warding  .     (no gloves)
rMut   .         Stasis   .     (no boots)
MR     .....                    B - amulet "Cocaetin" {Clar rElec rN++ MP+9}
Stlth  ..........               s - ring of see invisible
                                N - ring of protection from cold

@: exhausted, slowed, very slow, not resistant to hostile enchantments,
extremely unstealthy
A: negative energy resistance 1, electricity resistance, unbreathing,
petrification resistance, rot immunity, AC +7
a: Burn Spellbooks, Berserk, Trog's Hand, Renounce Religion


You were on level 10 of the Dungeon.
You worshipped Trog.
Trog was most pleased with you.
You were near starving.

You visited 2 branches of the dungeon, and saw 10 of its levels.
You also visited: Sewer.

You collected 570 gold pieces.

Inventory:

Hand weapons
 a - a +0 flail (weapon)
Missiles
 i - 69 poisoned needles
 u - 8 needles of slowing
Armour
 g - a +2 buckler (worn)
 l - a +1 chain mail (worn)
 w - a +0 helmet (worn)
Jewellery
 f - an uncursed amulet of stasis
 s - a ring of see invisible (right hand)
 B - the amulet "Cocaetin" (around neck) {Clar rElec rN++ MP+9}
   (You found it on level 5 of the Dungeon)

   [amulet of clarity]

   It provides mental clarity.
   It insulates you from electricity.
   It greatly protects you from negative energy.
   It affects your magic capacity (+9).
 E - an uncursed amulet of resist corrosion
 N - a ring of protection from cold (left hand)
Magical devices
 x - a wand of disintegration (17)
Scrolls
 b - 4 scrolls of remove curse
 y - 3 scrolls of immolation {unknown}
 A - 5 scrolls of teleportation
 F - 4 scrolls of identify
 G - a scroll of noise {unknown}
 I - 2 scrolls of enchant armour
 L - a scroll of brand weapon {unknown}
Potions
 c - 2 potions of berserk rage {unknown}
 e - 4 potions of might
 h - a potion of cure mutation {unknown}
 k - a potion of cancellation {unknown}
 m - 6 potions of flight
 o - a potion of resistance {unknown}
 p - 3 potions of invisibility
 q - 5 potions of lignification {unknown}
 r - a potion of ambrosia {unknown}
 t - 5 potions of curing
 v - 4 potions of heal wounds {unknown}
 z - 2 potions of degeneration {unknown}
 D - 2 potions of haste {unknown}
 H - 5 potions of agility
 J - a potion of mutation {unknown}
 K - 2 potions of brilliance {unknown}
Comestibles
 d - 5 bread rations
 j - 2 meat rations
 n - 5 slices of pizza
 C - 4 chunks of flesh


   Skills:
 * Level 8.7 Fighting
 - Level 12.0 Maces & Flails
 + Level 6.4 Armour
 + Level 6.6 Shields
 + Level 1.4 Evocations


You had 9 spell levels left.
You didn't know any spells.

Dungeon Overview and Level Annotations

Branches:
Dungeon (10/15)            Temple (1/1) D:4
   Lair: D:8-11         Orc: D:9-12

Altars:
Ashenzari
Cheibriados
Dithmenos
Elyvilon
Fedhas
Gozag
Kikubaaqudgha
Makhleb
Nemelex Xobeh
Okawaru
Qazlal
Ru
Sif Muna
Trog
Vehumet
Xom
Yredelemnul
Zin
The Shining One

Shops:
D:4 !   D:7 *   D:10 [:


Innate Abilities, Weirdness & Mutations

You are resistant to torment.
Your stone body is resilient (AC +7).
You are immune to poison.
You resist negative energy.
You are resistant to electric shocks.
You can survive without breathing.
You are immune to petrification.
You are immune to rotting.


Message History

The very large slime creature is severely wounded.
The very large slime creature hits you!!
You hit the very large slime creature.
The very large slime creature is severely wounded.
You block the very large slime creature's attack.
You hit the very large slime creature.
The very large slime creature is severely wounded.
The very large slime creature hits you!!
The very large slime creature hits you but does no damage.
You bludgeon the very large slime creature!!
The very large slime creature is severely wounded.
The very large slime creature hits you!
* * * LOW HITPOINT WARNING * * *
You feel the effects of Trog's Hand fading.
You block the very large slime creature's attack.
Your skin stops crawling.
You feel less resistant to hostile enchantments.
The very large slime creature hits you!!!
Ouch! That really hurt!
You die...

#.... #.(. #.. ..
#.# ###.## #.#
....... ######.#
........
#......######.......
#...J..##..........#
#..@.!.##.......>...
#.<.......[##.......
#......##.###.......
#......##)# #.......
#......##.# ###.#..
#......##.# #.#..
#########.# #....
##.######...) ######
##............


You could see a very large slime creature.

Vanquished Creatures
  Josephine (D:10)
  Erica (D:10)
  An unseen horror (D:10)
  A slime creature (D:10)
  3 wraiths (D:10)
  4 ice beasts
  Duvessa (D:6)
  2 ogres
  A necrophage (D:10)
  An eye of draining (D:10)
  5 orc warriors
  3 phantoms
  4 centaurs
  Blork the orc (D:6)
  2 giant frogs
  Dowan (D:6)
  2 scorpions
  4 crimson imps
  7 wights
  2 hounds
  2 orc priests
  A centaur skeleton (D:7)
  A jelly (D:7)
  6 worker ants
  3 orc wizards
  A giant frog skeleton (D:5)
  3 iguanas
  A hound zombie (D:4)
  A hound skeleton (D:4)
  A worker ant zombie (D:10)
  5 adders
  3 oozes
  An adder zombie (D:5)
  3 worms
  9 giant geckos
  28 orcs
  3 ball pythons
  13 bats
  10 giant cockroaches
  15 goblins
  9 hobgoblins
  7 jackals
  22 kobolds
  7 quokkas
  A giant gecko zombie (D:7)
  6 giant newts
  A jackal skeleton (D:5)
  14 rats
224 creatures vanquished.

Notes
Turn   | Place    | Note
--------------------------------------------------------------
     0 | D:1      | urechis the Gargoyle Fighter began the quest for the Orb.
     0 | D:1      | Reached XP level 1. HP: 14/14 MP: 1/1
   136 | D:1      | Reached XP level 2. HP: 19/19 MP: 2/2
   588 | D:1      | Reached XP level 3. HP: 23/23 MP: 3/3
  1073 | D:2      | Reached skill level 4 in Maces & Flails
  1306 | D:3      | Reached XP level 4. HP: 24/28 MP: 4/4
  1393 | D:3      | Reached skill level 5 in Maces & Flails
  1393 | D:3      | Reached XP level 5. HP: 11/32 MP: 5/5
  1804 | D:3      | Noticed a hippogriff
  1804 | D:3      | Noticed a giant frog
  1927 | D:4      | Found a staircase to the Ecumenical Temple.
  1958 | Temple   | Entered the Ecumenical Temple
  2042 | Temple   | Became a worshipper of Trog the Wrathful
  2216 | D:4      | Noticed a centaur
  2227 | D:4      | Killed a centaur
  2227 | D:4      | Reached skill level 6 in Maces & Flails
  2227 | D:4      | Reached XP level 6. HP: 33/37 MP: 6/6
  2400 | D:4      | Noticed a phantom
  2418 | D:4      | Killed a phantom
  2418 | D:4      | Reached skill level 7 in Maces & Flails
  2548 | D:4      | Found Qaih's Distillery.
  2990 | D:5      | Entered Level 5 of the Dungeon
  3002 | D:5      | Reached XP level 7. HP: 36/41 MP: 7/7
  3041 | D:5      | Got a brightly glowing iron amulet
  3043 | D:5      | Identified the amulet "Cocaetin" {Clar rElec rN++ MP+9} (You found it on level 5 of the Dungeon)
  3091 | D:5      | Acquired Trog's first power
  3144 | D:5      | Found a stormy altar of Qazlal.
  3144 | D:5      | Noticed a fire elemental
  3145 | D:5      | Noticed an air elemental
  3145 | D:5      | Noticed a water elemental
  3289 | D:5      | Reached skill level 8 in Maces & Flails
  3770 | D:6      | Found a glowing drain.
  3783 | Sewer    | Entered a sewer
  4021 | D:6      | Acquired Trog's second power
  4069 | D:6      | Noticed Dowan
  4072 | D:6      | Noticed Duvessa
  4078 | D:6      | Killed Duvessa
  4078 | D:6      | Reached skill level 9 in Maces & Flails
  4078 | D:6      | Reached XP level 8. HP: 46/46 MP: 8/8
  4085 | D:6      | Killed Dowan
  4143 | D:6      | Reached skill level 10 in Maces & Flails
  4535 | D:6      | Noticed Blork the orc
  4553 | D:6      | Killed Blork the orc
  4553 | D:6      | Reached skill level 11 in Maces & Flails
  4567 | D:6      | Found a bloodstained altar of Trog.
  4630 | D:6      | Reached XP level 9. HP: 51/51 MP: 9/9
  4828 | D:7      | Found Nyomurch's General Store.
  5140 | D:7      | Reached skill level 12 in Maces & Flails
  6136 | D:8      | You fall through a shaft for 2 floors!
  6136 | D:10     | Entered Level 10 of the Dungeon
  6136 | D:10     | Found Ekliozof's Book Shop.
  6136 | D:10     | Noticed an unseen horror
  6213 | D:10     | Killed an unseen horror
  6213 | D:10     | Reached skill level 5 in Fighting
  6467 | D:10     | Reached XP level 10. HP: 60/60 MP: 10/10
  6506 | D:10     | Reached skill level 5 in Shields
  6517 | D:10     | Noticed Erica
  6522 | D:10     | Noticed Josephine
  6531 | D:10     | Killed Erica
  6531 | D:10     | Reached skill level 5 in Armour
  6543 | D:10     | Killed Josephine
  6792 | D:10     | Found Yllo's Armour Boutique.
  6858 | D:10     | Reached skill level 1 in Evocations
  6905 | D:10     | Annihilated by a very large slime creature

Vault maps used:
D:1:      minmay_arrival_four_houses
D:2:      minmay_statues_item
D:3:      minmay_misc_feat_room, lightli_corner_chamber
D:4:      temple_fountains, serial_shops, shop_coins, enter_ossuary_2
D:5:      nicolae_qazlal_style_of_elements, first_bread, minmay_small_thing
D:6:      gup_sewer_entry_pipe, hangedman_decor_peaks_small,
          mrwooster_statue_mirror, trog_three_pillars_becter,
          uniq_blork_the_orc, uniq_duvessa
D:7:      serial_shops, shop
D:8:      enter_bailey_7, serial_shops, shop, uniq_prince_ribbit1
D:10:     serial_shops, shop, kennysheep_mini, uniq_josephine, uniq_erica
Temple:   grunt_circular_temple_18
Sewer:    kennysheep_pipe_town

Action                   |  1- 3 |  4- 6 |  7- 9 | 10-12 || total
-------------------------+-------+-------+-------+-------++-------
Melee: Flail             |   189 |   158 |   610 |   163 ||  1120
Invok: Trog's Hand       |       |       |     9 |     2 ||    11
       Berserk           |       |       |     4 |     2 ||     6
       Burn Spellbooks   |       |       |       |     1 ||     1
  Use: Scroll            |     7 |       |     2 |       ||     9
       Potion            |       |       |     2 |     3 ||     5
  Eat: Chunk             |     1 |     5 |    16 |     2 ||    24
       Pizza             |       |       |     2 |       ||     2
